 Dungeon Crawl Stone Soup version 0.29.1-15-g9cfb28693d (webtiles) character file.

Game seed: 9878112260807552309

241 BuddhaDhamma the Cleaver (level 5, -1/45 HPs)
             Began as a Minotaur Berserker on Mar 18, 2023.
             Was a Believer of Trog.
             Engulfed by a cloud of steam (4 damage)
             ... on level 4 of the Dungeon.
             The game lasted 00:04:14 (3236 turns).

BuddhaDhamma the Cleaver (Minotaur Berserker)       Turns: 3236, Time: 00:04:14

Health: -1/45      AC:  5    Str: 23    XL:     5   Next: 80%
Magic:  4/4        EV: 12    Int:  4    God:    Trog [**....]
Gold:   244        SH:  0    Dex: 23    Spells: 4/4 levels left

rFire   . . .      SeeInvis .   l - +0 war axe
rCold   + + +      Faith    .   (no shield)
rNeg    . . .      Spirit   .   a - +0 ring mail "Lina" {-Tele rC+++ Dex+7}
rPois   .          Reflect  .   (helmet restricted)
rElec   .          Harm     .   (no cloak)
rCorr   .          Rampage  .   (no gloves)
Will    .....      NoTele   +   (no boots)
Stlth   +.........              (no amulet)
HPRegen 0.15/turn               k - +6 ring of dexterity
MPRegen 0.09/turn               (no ring)

@: no status effects
A: horns 2, retaliatory headbutt
a: Renounce Religion, Berserk, Trog's Hand


You were on level 4 of the Dungeon.
You worshipped Trog.
Trog was pleased with you.
You visited 1 branch of the dungeon, and saw 4 of its levels.

You collected 244 gold pieces.

Inventory:

Hand Weapons
 l - a +0 war axe (weapon)
Missiles
 c - 5 poisoned darts (quivered)
Armour
 a - the +0 ring mail "Lina" (worn) {-Tele rC+++ Dex+7}
   (You found it on level 2 of the Dungeon)

   Dex:       It affects your dexterity (+7).
   rC:        It renders you almost immune to cold.
   -Tele:     It prevents most forms of teleportation.
Jewellery
 k - a +6 ring of dexterity (left hand)
Wands
 j - a wand of iceblast (14)
 o - a wand of digging (2)
Scrolls
 b - 4 scrolls of identify {unknown}
 d - a scroll of immolation {unknown}
 f - a scroll of teleportation {unknown}
 g - a scroll of torment {unknown}
 h - a scroll of enchant weapon {unknown}
 n - a scroll of magic mapping {unknown}
Potions
 e - 2 potions of lignification {unknown}
 i - 2 potions of heal wounds {unknown}
 m - 2 potions of berserk rage {unknown}


   Skills:
 - Level 3.6 Fighting
 + Level 8.0 Axes
 - Level 2.4 Armour
 - Level 2.1 Dodging


You had 4 spell levels left.
You didn't know any spells.
Your spell library was empty.

Dungeon Overview and Level Annotations

Branches:
Dungeon (4/15)
 Temple: D:4-7

Altars:


Innate Abilities, Weirdness & Mutations

You have a pair of horns on your head.
You reflexively headbutt those who attack you in melee.


Message History

There is an open door here.
A steam dragon comes into view.
The steam dragon breathes steam at you.
The ball of steam hits the goblin!
The goblin dies!
The ball of steam hits you!
The jackal barks!
You see here 13 gold pieces.
You are too injured to fight recklessly!
You are too injured to fight recklessly!
You are too injured to fight recklessly!
You are too injured to fight recklessly!
You are too injured to fight recklessly!
You slash the endoplasm!
You kill the endoplasm!
Trog accepts your kill.
You are engulfed in a cloud of scalding steam.
The jackal is engulfed in a cloud of scalding steam.
You are engulfed in a cloud of scalding steam.
The jackal is engulfed in a cloud of scalding steam.
The jackal dies!
The jackal is engulfed in a cloud of scalding steam.
The jackal dies!
The steam dragon breathes steam at you. The ball of steam hits you.
You are engulfed in a cloud of scalding steam.
You slash the steam dragon! Your headbutt misses the steam dragon.
The steam dragon is heavily wounded.
You are engulfed in a cloud of scalding steam.
* * * LOW HITPOINT WARNING * * *
The steam dragon bites you.
* * * LOW HITPOINT WARNING * * *
The steam dragon completely misses you.
A hobgoblin comes into view.
The hobgoblin shouts!
You slash the steam dragon!
You kill the steam dragon!
Trog accepts your kill.
You are engulfed in a cloud of scalding steam.
You die...

#....##.#.........
#....##.#..........
#)#####.#..........
###.# #.#.........g
..#.# #.#..........
#.#.## ##.'.$).......
#.#..###..#(....?....
#.#.###...#$..†...... #
#.......#.#..@.......
.###.#.#.#.#.#..........
.).......#.#.#..........
......>.........####.###
.))....).#.#..... .#
.#.......#.####.. #
.........#.. ..#
.#.......# #.#
.+...<...#


You could see a hobgoblin.

Vanquished Creatures
  A steam dragon (D:4)
  A scorpion (D:4)
  Ijyb (D:4)
  2 gnolls (D:1)
  6 adders
  A worm (D:3)
  2 dart slugs
  6 orcs
  2 ball pythons (D:1)
  3 bats
  9 endoplasms
  4 giant cockroaches
  6 goblins
  7 hobgoblins
  9 kobolds
  3 quokkas
  4 frilled lizards
  2 rats
69 creatures vanquished.

Vanquished Creatures (others)
  A goblin (D:4)
  2 jackals (D:4)
3 creatures vanquished.

Grand Total: 72 creatures vanquished

Notes
Turn   | Place    | Note
-------+----------+-------------------------------------------
     0 | D:1      | BuddhaDhamma the Minotaur Berserker began the quest for the
                  | Orb.
     0 | D:1      | Reached XP level 1. HP: 19/19 MP: 0/0
    41 | D:1      | Reached skill level 4 in Axes
    59 | D:1      | Reached XP level 2. HP: 19/26 MP: 1/1
   648 | D:1      | Reached skill level 5 in Axes
   648 | D:1      | Reached XP level 3. HP: 9/31 MP: 2/2
  1551 | D:2      | Reached XP level 4. HP: 34/39 MP: 3/3
  1598 | D:2      | Reached skill level 6 in Axes
  1789 | D:2      | Identified the +0 ring mail "Lina" {-Tele rC+++ Dex+7}
  2530 | D:3      | Reached ** piety under Trog
  2717 | D:3      | Reached skill level 7 in Axes
  2717 | D:3      | Reached XP level 5. HP: 34/45 MP: 4/4
  3127 | D:4      | Noticed Ijyb
  3142 | D:4      | Killed Ijyb
  3200 | D:4      | Reached skill level 8 in Axes
  3228 | D:4      | Noticed a steam dragon
  3236 | D:4      | Killed a steam dragon
  3236 | D:4      | Engulfed by a cloud of steam

Illustrated notes

Levels and vault maps discovered:
D:1:      wheals_arrival_linesprint, layout_rooms
D:2:      layout_loops_ring, kennysheep_generic_room_12
D:3:      layout_basic, fountainhead
D:4:      layout_basic, uniq_edmund, uniq_ijyb, uniq_crazy_yiuf_cottage

Skill      XL: |  1  2  3  4  5 |
---------------+----------------+-----
Axes           | 4 5 7 8 |  8.0
Fighting       | |  3.6
Armour         | |  2.4
Dodging        | |  2.1

Action                   |  1- 3 |  4- 6 || total
-------------------------+-------+-------++-------
Melee: Hand axe          |    69 |       ||    69
       Headbutt          |     8 |     8 ||    16
       War axe           |     9 |    72 ||    81
       Punch             |       |     1 ||     1
Invok: Berserk           |     1 |     1 ||     2
Armor: Animal skin       |     2 |       ||     2
       Ring mail         |    14 |    19 ||    33
Dodge: Dodged            |    36 |    47 ||    83
